 Dungeon Crawl Stone Soup version 0.27-a0-1302-g7736ffe575 (webtiles) character file.

Game seed: 4967963265155034369

5372 Feb132020 the Zephyrmancer (level 10, -1/52 HPs)
             Began as a Tengu Air Elementalist on June 18, 2021.
             Was an Initiate of Ashenzari.
             Slain by Joseph (11 damage)
             ... on level 7 of the Dungeon.
             The game lasted 00:49:55 (12720 turns).

Feb132020 the Zephyrmancer (TeAE)                  Turns: 12720, Time: 00:49:56

Health: -1/52      AC:  4    Str:  9    XL:     10   Next: 66%
Magic:  0/24       EV: 17    Int: 19    God:    Ashenzari [......]
Gold:   180        SH:  0    Dex: 20    Spells: 17/27 levels left

rFire    . . .     SeeInvis .   m - +2 dagger (elec)
rCold    + . .     Faith    .   (no shield)
rNeg     . . .     Spirit   +   a - +0 robe
rPois    .         Reflect  .   (helmet restricted)
rElec    .         Harm     .   r - +1 cloak
rCorr    .         Rampage  .   (no gloves)
Will     +....     NoTele   +   (boots unavailable)
Stlth    +++.......             c - amulet of Ashenzari's Comet {Spirit -Tele Dex+6, Bglg, Evo} (curse)
HPRegen  0.17/turn              q - ring of willpower
MPRegen  0.19/turn              x - ring of protection from cold

@: flying quickly and evasively, quick
A: beak, talons 3, nimble flight
a: Renounce Religion, Curse Item, Shatter the Chains


You were on level 7 of the Dungeon.
You worshipped Ashenzari.
Ashenzari was noncommittal.
You visited 2 branches of the dungeon, and saw 11 of its levels.
You also visited: Ossuary.

You collected 292 gold pieces.
You spent 112 gold pieces at shops.

Inventory:

Hand Weapons
 m - a +2 dagger of electrocution (weapon)
Armour
 a - a +0 robe (worn)
 r - a +1 cloak (worn)
Jewellery
 c - the cursed amulet of Ashenzari's Comet (around neck) {Spirit -Tele Dex+6, Bglg, Evo}
   (You acquired it on level 7 of the Dungeon)

   [amulet of guardian spirit]

   It causes incoming damage to be divided between your reserves of health and
   magic.
   It affects your dexterity (+6).
   It prevents most forms of teleportation.
   It has a curse which improves the following skills: Beguiling: Conjurations,
   Hexes and Translocations.
   Evocations: Evocations.
 q - a ring of willpower (left hand)
 x - a ring of protection from cold (right hand)
Wands
 f - a wand of charming (6)
 v - a wand of mindburst (9)
Scrolls
 b - a scroll of fear
 e - 2 scrolls of blinking
 h - 2 scrolls of silence
 j - 2 scrolls of teleportation
 o - a scroll of amnesia
 s - 2 scrolls of fog
 t - 3 scrolls of magic mapping
Potions
 d - a potion of mutation
 g - 4 potions of curing
 i - 2 potions of brilliance
 k - 5 potions of lignification
 l - 3 potions of flight
 n - 2 potions of invisibility
 p - a potion of magic
 u - a potion of ambrosia
 w - a potion of might


   Skills:
 + Level 1.1 Fighting
 + Level 0.5 Short Blades
 + Level 3.9 Dodging
 + Level 4.4 Stealth
 + Level 9.3 Spellcasting
 + Level 8.1(8.7) Conjurations
 + Level 12.0 Air Magic


You had 17 spell levels left.
You knew the following spells:

 Your Spells              Type           Power      Damage    Failure   Level
a - Shock                 Conj/Air       100%       1d9       1%          1
b - Static Discharge      Conj/Air       48%        N/A       1%          2
c - Airstrike             Air            26%        N/A       1%          4
s - Swiftness             Air            53%        N/A       1%          3

Your spell library contained the following spells:

 Spells                   Type           Power      Damage    Failure   Level
 Lightning Bolt           Conj/Air       24%        1d39      3%          5
 Summon Lightning Spire   Summ/Air       31%        N/A       7%          4
 Apportation              Tloc           18%        N/A       8%          1
 Corona                   Hex            10%        N/A       8%          1
 Animate Skeleton         Necr           16%        N/A       9%          1
 Summon Small Mammal      Summ           32%        N/A       9%          1
 Call Imp                 Summ           8%         N/A       12%         2
 Call Canine Familiar     Summ           8%         N/A       24%         3
 Summon Guardian Golem    Hex/Summ       8%         N/A       24%         3
 Summon Ice Beast         Ice/Summ       8%         N/A       63%         4


Dungeon Overview and Level Annotations

Branches:
Dungeon (10/15)            Temple (1/1) D:4         Ossuary (visited)
   Lair: D:8-11         Orc: D:9-12

Altars:
Ashenzari
Cheibriados
Dithmenos
Elyvilon
Fedhas
Hepliaklqana
Kikubaaqudgha
Makhleb
Nemelex Xobeh
Okawaru
Qazlal
Ru
Sif Muna
Trog
Uskayaw
Vehumet
Wu Jian
Xom
Yredelemnul
Zin

Shops:
D:7 **   D:9 (   D:10 (

Annotations:
D:2 Sigmund
D:3 Purgy
D:7 Joseph
D:10 exclusion: boulder beetle


Innate Abilities, Weirdness & Mutations

You have a beak for a mouth.
You have claws for feet.
Your magical nature lets you fly swiftly and evasively.


Message History

Confirm with . or Enter, or press ? or * to list all spells.
Joseph is struck by an arc of lightning.
Joseph is moderately wounded.
The lightning grounds out.
Joseph hits you with a +2 quarterstaff of holy wrath!
Unknown command.
Casting: Static Discharge (safe; 1% risk of failure)
Confirm with . or Enter, or press ? or * to list all spells.
Joseph is struck by an arc of lightning!
Joseph is heavily wounded.
The orc is struck by an arc of lightning.
The orc is severely wounded.
Joseph is struck by an arc of lightning.
Joseph is heavily wounded.
The orc is struck by an arc of lightning!
You kill the orc!
The lightning grounds out.
Joseph hits you with a +2 quarterstaff of holy wrath!!
Casting: Static Discharge (safe; 1% risk of failure)
Confirm with . or Enter, or press ? or * to list all spells.
Joseph is struck by an arc of lightning!
Joseph is severely wounded.
You are struck by an arc of lightning.
Joseph is struck by an arc of lightning.
Joseph is severely wounded.
The lightning grounds out.
Joseph hits you with a +2 quarterstaff of holy wrath!
* * * LOW HITPOINT WARNING * * *
Casting: Static Discharge (safe; 1% risk of failure)
Confirm with . or Enter, or press ? or * to list all spells.
Okay, then.
Joseph misses you.
You fly upwards.
There is a stone staircase leading down here.
Aiming: Mindburst
Press: ? - help, Shift-Dir - straight line, f - Joseph
Aim: Joseph, wielding a +2 quarterstaff of holy wrath, wearing a +0 ring mail and quivering sling bullets (severely wounded, chance to affect: 48%) Joseph resists with some effort.
Joseph hits you with a +2 quarterstaff of holy wrath!
You die...

###..### #. ## #......#
#. .#### ####.#...## ##
....###....##...# #
....#......##..## #
.........#..#...# #
.<.....###......# #
.......#.......@## #
#..###...#......@# #
...##....#..##.### #
..(##.........## #
...............#### #
..................# #
.._...............### #
.^..................###
#
⌠...........>.........#
#
......................##
#


You could see Joseph.

Vanquished Creatures
  An ugly thing (D:7)
  2 hornets
  Grinder (D:6)
  2 wyverns
  A wraith (Ossuary)
  3 yaks
  2 steam dragons
  Edmund (D:4)
  An acid dragon (D:7)
  A water moccasin (D:5)
  3 orc warriors
  3 sky beasts (D:5)
  2 ogres
  Blork the orc (D:6)
  4 bullfrogs
  A water moccasin zombie (D:7)
  16 killer bees (D:9)
  2 wights (D:9)
  A bullfrog zombie (D:5)
  3 centaur zombies
  2 jellies
  3 hounds
  3 orc priests
  Crazy Yiuf (D:4)
  A centaur skeleton (D:4)
  Jessica (D:2)
  Natasha (thrice) (D:3)
  Ijyb (D:3)
  2 iguanas
  3 orc wizards
  A scorpion zombie (D:5)
  2 killer bee zombies (D:8)
  2 mummies
  A howler monkey zombie (D:9)
  Robin (D:4)
  8 adders
  A white imp (D:5)
  2 ufetubi
  2 worms (D:5)
  3 dart slugs (D:1)
  14 orcs
  8 endoplasms
  A giant cockroach (D:1)
  16 goblins
  11 hobgoblins
  4 quokkas
  3 ball pythons
  3 bats
  2 frilled lizards
  9 gnoll skeletons (Ossuary)
  8 kobolds
  6 kobold skeletons (Ossuary)
  10 orc skeletons (Ossuary)
  4 rats
193 creatures vanquished.

Vanquished Creatures (others)
  4 plants (D:3)
4 creatures vanquished.

Grand Total: 197 creatures vanquished

Notes
Turn   | Place    | Note
-------+----------+-------------------------------------------
     0 | D:1      | Feb132020 the Tengu Air Elementalist began the quest for
                  | the Orb.
     0 | D:1      | Reached XP level 1. HP: 10/10 MP: 4/4
   282 | D:1      | Reached XP level 2. HP: 15/15 MP: 3/6
   288 | D:1      | Learned a level 2 spell: Static Discharge
   793 | D:1      | Reached XP level 3. HP: 19/19 MP: 4/7
   882 | D:1      | Reached skill level 5 in Air Magic
  1267 | D:2      | Noticed Jessica
  1275 | D:2      | Killed Jessica
  1276 | D:2      | Reached XP level 4. HP: 24/24 MP: 1/8
  1756 | D:2      | Noticed Sigmund
  2262 | D:3      | Found a faded altar of an unknown god.
  2284 | D:3      | Noticed Natasha
  2292 | D:3      | Killed Natasha
  2293 | D:3      | Gained mutation: Your magical nature lets you fly swiftly
                  | and evasively. [Tengu growth]
  2293 | D:3      | Reached XP level 5. HP: 21/28 MP: 2/10
  2383 | D:3      | Found a sacrificial altar of Ru.
  2390 | D:3      | Noticed Ijyb
  2426 | D:3      | Noticed Natasha
  2428 | D:3      | Killed Natasha
  2557 | D:3      | Killed Ijyb
  2908 | D:3      | Noticed Purgy
  2927 | D:3      | Noticed Natasha
  2943 | D:3      | Killed Natasha
  3016 | D:3      | Learned a level 3 spell: Swiftness
  3052 | D:3      | Reached XP level 6. HP: 32/32 MP: 7/12
  3284 | D:4      | Reached skill level 6 in Air Magic
  3901 | D:4      | Found a staircase to the Ecumenical Temple.
  3910 | Temple   | Entered the Ecumenical Temple
  4072 | D:4      | Noticed Edmund
  4232 | D:4      | Noticed Robin
  4238 | D:4      | Killed Robin
  4414 | D:5      | Entered Level 5 of the Dungeon
  4435 | D:5      | Noticed a water moccasin
  4444 | D:6      | HP: 1/32 [something (3)]
  4697 | D:6      | Reached XP level 7. HP: 27/37 MP: 9/14
  4781 | D:6      | Noticed Blork the orc
  4788 | D:6      | Killed Blork the orc
  5008 | D:6      | Noticed Grinder
  5017 | D:7      | Found an ancient bone altar of Kikubaaqudgha.
  5022 | D:7      | Found a broken altar of Ashenzari.
  5025 | D:7      | Reached skill level 7 in Air Magic
  5078 | D:7      | Became a worshipper of Ashenzari the Shackled
  5078 | D:7      | Identified a scroll of acquirement
  5079 | D:7      | Acquired the amulet of Keitebog {Spirit -Tele Dex+6}
  5286 | D:5      | Reached skill level 5 in Conjurations
  5700 | D:5      | Reached skill level 5 in Spellcasting
  5700 | D:5      | Reached XP level 8. HP: 41/42 MP: 9/16
  5720 | D:5      | Learned a level 4 spell: Airstrike
  6451 | D:5      | Reached skill level 8 in Air Magic
  6778 | D:4      | Killed Edmund
  6926 | D:4      | Found a runed translucent door.
  6927 | D:4      | Noticed Crazy Yiuf
  6933 | D:4      | Killed Crazy Yiuf
  7068 | D:6      | Killed Grinder
  7212 | D:6      | Reached XP level 9. HP: 44/46 MP: 9/20
  7291 | D:6      | Reached skill level 9 in Air Magic
  7446 | D:7      | Found Wuqab's Specific Store.
  7446 | D:7      | Found Xokeodgh's General Store.
  7469 | D:7      | Bought a scroll of enchant weapon for 112 gold pieces
  8207 | D:8      | Found a sand-covered staircase.
  8214 | Ossuary  | Entered an ossuary
  8822 | D:8      | Noticed a boulder beetle
  8918 | D:8      | Reached skill level 10 in Air Magic
  8920 | D:8      | Noticed Joseph
  8925 | D:8      | Noticed a red ugly thing
  8940 | D:8      | HP: 1/46 [red ugly thing (18)]
  9763 | D:9      | Found Tiofull's Weapon Shop.
  9786 | D:10     | Entered Level 10 of the Dungeon
  9795 | D:10     | Noticed a boulder beetle
  9985 | D:9      | Found a snail-covered altar of Cheibriados.
 10018 | D:9      | Noticed a hornet
 10026 | D:9      | Killed a hornet
 10027 | D:9      | Reached XP level 10. HP: 51/51 MP: 11/23
 10225 | D:9      | Reached skill level 11 in Air Magic
 11549 | D:8      | Paralysed by a hornet for 2 turns
 11689 | D:8      | Noticed a purple ugly thing
 11690 | D:8      | Reached skill level 1 in Fighting
 12072 | D:7      | Killed a purple ugly thing
 12073 | D:7      | Reached skill level 12 in Air Magic
 12720 | D:7      | Slain by Joseph

Illustrated notes

Levels and vault maps discovered:
D:1:      dpeg_arrival_pond, layout_rooms, minmay_bisected
D:2:      layout_rooms, uniq_sigmund, uniq_jessica
D:3:      layout_basic, gammafunk_temple_overflow_pools,
          nicolae_ru_awakened_eye, ebering_ecumenical_altar_hall,
          kennysheep_nub, minmay_misc_feat_enclosed, serial_bayou_lagoon_b,
          uniq_purgy, uniq_natasha, uniq_ijyb
D:4:      layout_basic, temple_pool_b, uniq_edmund, uniq_crazy_yiuf_cottage,
          uniq_robin
D:5:      layout_gridville, kennysheep_another_room
D:6:      layout_basic, uniq_grinder, uniq_blork_the_orc
D:7:      layout_cave_pools, grunt_temple_overflow_open, serial_park_tiny_2,
          nicolae_specific_store
D:8:      layout_basic, enter_ossuary_1, hangedman_minor_gate_pass, uniq_joseph
D:9:      layout_loops_ring, slow_altar_1, serial_shops, shop,
          grunt_ministairs_14, eino_jars
D:10:     layout_basic, chequers_serial_rivers_small_a,
          chequers_serial_rivers_small_3, minmay_bent
Temple:   compressed_dpeg_circular_temple

Skill      XL: |  1  2  3  4  5  6  7  8  9 10 |
---------------+-------------------------------+-----
Air Magic      | 5 6 7 8 10 12 | 12.0
Conjurations   | 2 3 4 5 6 7 8 |  8.1
Spellcasting   | 3 4 5 6 8 9 |  9.3
Dodging        | 3 |  3.9
Stealth        | 3 4 |  4.4
Fighting       | 1 |  1.1
Short Blades   | |  0.5

Action                   |  1- 3 |  4- 6 |  7- 9 | 10-12 || total
-------------------------+-------+-------+-------+-------++-------
Melee: Unarmed           |     1 |       |       |       ||     1
       Dagger            |       |     1 |     8 |    23 ||    32
       Peck              |       |     1 |     2 |     6 ||     9
       Kick              |       |       |     3 |    13 ||    16
 Cast: Shock             |    64 |   138 |   158 |    39 ||   399
       Static Discharge  |       |    11 |    41 |    31 ||    83
       Airstrike         |       |       |    41 |    29 ||    70
       Swiftness         |       |       |     2 |       ||     2
Invok: Curse Item        |       |       |     1 |       ||     1
Evoke: Wand              |       |       |       |     1 ||     1
  Use: Scroll            |     1 |     4 |     8 |       ||    13
       Potion            |       |     1 |     2 |     1 ||     4
 Stab: Sleeping          |     1 |       |     1 |     2 ||     4
       Invisible         |       |       |     1 |       ||     1
Armor: Robe              |     3 |     5 |     6 |    10 ||    24
Dodge: Dodged            |    11 |    37 |    39 |    51 ||   138

Table legend: (Time is in decaauts)
 A = Elapsed time spent in this place.
 B = Non-inter-level travel time spent in this place.
 C = Inter-level travel time spent in this place.
 D = Time resting spent in this place.
 E = Time spent auto-exploring this place.
 F = Levels seen in this place.
 G = Mean time per level.
                   A        B        C        D        E       F      G
               +--------+--------+--------+--------+--------+-----+--------+
         Total |  12342 |  11895 |    447 |   1323 |   8906 |  12 | 1028.5 |
       Dungeon |  11783 |  11345 |    438 |   1323 |   8432 |  10 | 1178.3 |
        Temple |     75 |     67 |      8 |      0 |     66 |   1 |   75.0 |
       Ossuary |    484 |    484 |      0 |      0 |    406 |   1 |  484.0 |
               +--------+--------+--------+--------+--------+-----+--------+

Top non-repeatable levels by time:
     D:9: 1685 daAuts
     D:7: 1609 daAuts
     D:5: 1460 daAuts
     D:4: 1316 daAuts
     D:6: 1227 daAuts
     D:1: 1183 daAuts
     D:3: 1145 daAuts
     D:8: 952 daAuts
     D:2: 914 daAuts
 Ossuary: 484 daAuts
    D:10: 288 daAuts
  Temple: 75 daAuts
